 Dungeon Crawl Stone Soup version 0.21.1-1-g345015f (webtiles) character file.

98 tyranidshit the Skirmisher (level 4, -1/39 HPs)
             Began as a Demonspawn Abyssal Knight on July 30, 2018.
             Was a Believer of Lugonu.
             Killed by divine providence
             ... invoked by an orc priest
              (11 damage)
             ... on level 3 of the Dungeon.
             The game lasted 00:03:53 (1290 turns).

tyranidshit the Skirmisher (DsAK)                   Turns: 1290, Time: 00:03:53

Health: -1/39      AC:  9    Str: 12 (13) XL:     4   Next: 43%
Magic:  6/6        EV:  5    Int:  9 (11) God:    Lugonu [**....]
Gold:   103        SH:  0    Dex: 11 (13) Spells: 3/3 levels left

rFire    . . .     SeeInvis .   a - +1 hand axe
rCold    . . .     Gourm    .   (no shield)
rNeg     . . .     Faith    .   e - +0 chain mail
rPois    .         Spirit   .   (helmet restricted)
rElec    .         Reflect  .   (no cloak)
rCorr    .         Harm     .   f - +0 pair of gloves
MR       .....                  (no boots)
Stlth    ..........             (no amulet)
HPRegen  0.13/turn              (no ring)
MPRegen  0.10/turn              (no ring)

@: no status effects
A: horns 1, demonic guardian 1, dopey 1, high mp 1
a: Depart the Abyss, Bend Space, Renounce Religion


You were on level 3 of the Dungeon.
You worshipped Lugonu.
Lugonu was pleased with you.
You were not hungry.

You visited 1 branch of the dungeon, and saw 3 of its levels.
You visited the Abyss 1 time.

You collected 103 gold pieces.

Inventory:

Hand Weapons
 a - a +1 hand axe (weapon)
Armour
 b - a +0 leather armour
 d - a +0 chain mail
 e - a +0 chain mail (worn)
 f - a +0 pair of gloves (worn)
Scrolls
 g - a scroll of remove curse
Comestibles
 c - 6 rations


   Skills:
 + Level 5.1 Fighting
 - Level 1.9 Axes
 - Level 1.7 Armour
 - Level 0.8 Dodging
 - Level 2.6 Invocations


You had 3 spell levels left.
You didn't know any spells.

Dungeon Overview and Level Annotations

Branches:
Dungeon (3/15)

Altars:
Okawaru


Innate Abilities, Weirdness & Mutations

You have a pair of small horns on your head.
A weak demonic guardian rushes to your aid.
You are dopey. (Int -2)
You have an increased reservoir of magic. (+10% MP)


Message History

The orc hits you but does no damage.
You hit the orc.
You kill the orc!
Lugonu accepts your kill.
The orc priest hits you with a hand axe.
Unknown command.
You hit the orc priest but do no damage.
The orc priest calls down the wrath of Beogh upon you.
Beogh smites you!
You closely miss the orc priest.
The orc priest invokes the aid of Beogh against you.
Beogh smites you!
* * * LOW HITPOINT WARNING * * *
Your chain mail prevents you from hitting the orc priest.
The orc priest hits you but does no damage.
You swap places.
Your shadow imp hits the orc priest but does no damage.
The orc priest mumbles some strange prayers to Beogh against you.
Beogh smites you!
You die...

######
#....#
#....
.o.
#o#
###5#
#.<@#
#.###
#..
...#
..##
#..
... ##


You could see an orc priest, an orc and a friendly shadow imp.

Vanquished Creatures
  3 adders (D:2)
  An ooze (D:1)
  3 worms (D:2)
  2 dart slugs
  2 orcs (D:3)
  6 bats
  2 giant cockroaches (D:1)
  4 hobgoblins (D:1)
  2 jackals (D:1)
  7 kobolds
  A quokka (D:2)
  6 frilled lizards
  5 goblins (D:1)
  3 rats
47 creatures vanquished.

Vanquished Creatures (collateral kills)
  An adder (D:2)
  A bat (D:2)
  A goblin (D:2)
3 creatures vanquished.

Grand Total: 50 creatures vanquished

Notes
Turn   | Place    | Note
-------+----------+-------------------------------------------
     0 | Abyss:1  | tyranidshit the Demonspawn Abyssal Knight began the quest for the Orb.
     0 | Abyss:1  | Reached XP level 1. HP: 18/18 MP: 2/2
    87 | Abyss:2  | Noticed a rakshasa
   101 | Abyss:2  | Noticed an ancient zyme
   108 | D:1      | Escaped the Abyss
   149 | D:1      | Reached * piety under Lugonu
   157 | D:1      | Gained mutation: You have a pair of small horns on your head. [demonic ancestry]
   157 | D:1      | Reached XP level 2. HP: 15/24 MP: 3/3
   186 | D:1      | Gained mutation: You are dopey. (Int -2) [potion of mutation]
   186 | D:1      | Gained mutation: You have an increased reservoir of magic. (+10% MP) [potion of mutation]
   446 | D:1      | Reached skill level 4 in Fighting
   495 | D:1      | Gained mutation: A weak demonic guardian rushes to your aid. [demonic ancestry]
   495 | D:1      | Reached XP level 3. HP: 28/30 MP: 5/5
   791 | D:2      | Reached XP level 4. HP: 23/38 MP: 6/6
   906 | D:2      | Found an iron altar of Okawaru.
   945 | D:2      | Reached skill level 5 in Fighting
  1100 | D:2      | Reached ** piety under Lugonu
  1290 | D:3      | Killed from afar by an orc priest

Skill      XL: |  1  2  3  4 |
---------------+-------------+-----
Fighting       | 4 5 |  5.1
Axes           | |  1.9
Armour         | |  1.7
Dodging        | |  0.8
Invocations    | |  2.6

Action                   |  1- 3 |  4- 6 || total
-------------------------+-------+-------++-------
Melee: Hand axe          |    98 |    47 ||   145
       Headbutt          |     9 |     6 ||    15
Invok: Depart the Abyss  |     1 |       ||     1
  Use: Potion            |     3 |     2 ||     5
       Scroll            |     2 |     1 ||     3
  Eat: Chunk             |       |     1 ||     1
Armor: Chain mail        |    71 |    28 ||    99
Dodge: Dodged            |    36 |    18 ||    54
